 Dungeon Crawl Stone Soup version 0.21-a0-91-ga5031da (webtiles) character file.

39402 tilp the Destroyer (level 14, -6/108 HPs)
             Began as a Hill Orc Fire Elementalist on June 28, 2017.
             Was a High Priest of Okawaru.
             Killed from afar by an orc sorcerer (29 damage)
             ... with a bolt of fire
             ... on level 2 of the Orcish Mines.
             The game lasted 01:52:29 (21898 turns).

tilp the Destroyer (Hill Orc Fire Elementalist)    Turns: 21898, Time: 01:52:30

Health: -6/108     AC: 14    Str: 12    XL:     14   Next: 6%
Magic:  26/29      EV: 16    Int: 25    God:    Okawaru [*****.]
Gold:   667        SH:  0    Dex: 11    Spells: 22/35 levels left

rFire    . . .     SeeInvis +   a - +8 hand axe of the Lost Lies {freeze, rElec rC- MR+}
rCold    . . .     Gourm    .   (no shield)
rNeg     . . .     Faith    .   j - +3 leather armour {rC+}
rPois    .         Spirit   .   y - +2 helmet
rElec    +         Reflect  .   F - +2 cloak
rCorr    .         Harm     .   U - +1 pair of gloves of Pev Deol {Int+3}
MR       ++...                  (no boots)
Stlth    +.........             O - amulet of Zimye {Regen+ Int+3}
HPRegen  0.68/turn              m - +3 ring of evasion
MPRegen  0.21/turn              G - ring of see invisible

@: about to teleport, drained
A: no striking features
a: Heroism, Finesse, Renounce Religion, Convert to Beogh


You were on level 2 of the Orcish Mines.
You worshipped Okawaru.
Okawaru was extremely pleased with you.
You were not hungry.

You visited 3 branches of the dungeon, and saw 14 of its levels.
You also visited: Volcano.

You collected 1273 gold pieces.
You spent 606 gold pieces at shops.

Inventory:

Hand Weapons
 a - the +8 hand axe of the Lost Lies (weapon) {freeze, rElec rC- MR+}
   (You found it on level 10 of the Dungeon)

   It has been specially enchanted to freeze those struck by it, causing extra
   injury to most foes and up to half again as much damage against particularly
   susceptible opponents.
   It can also slow down cold-blooded creatures.
   It makes you vulnerable to cold.
   It insulates you from electricity.
   It affects your resistance to hostile enchantments.
 C - the +1 great mace of Ydotonn {crush, rPois Str+3 Int-3 Stlth+}
   (You found it on level 10 of the Dungeon)

   It inflicts extra damage upon your enemies.
   It affects your strength (+3).
   It affects your intelligence (-3).
   It protects you from poison.
   It makes you more stealthy.
 Z - a +6 scimitar of flaming
Missiles
 h - 45 tomahawks
 H - 3 steel tomahawks (quivered)
Armour
 i - a +1 leather armour of positive energy
 j - a +3 leather armour of cold resistance (worn)
 p - a +3 troll leather armour {Snorg}
 y - a +2 helmet (worn)
 F - a +2 cloak (worn)
 N - a +0 pair of gloves of strength
 P - a +0 chain mail of magic resistance
 R - a +0 leather armour of fire resistance
 T - a +2 robe
 U - the +1 pair of gloves of Pev Deol (worn) {Int+3}
   (You found it on level 9 of the Dungeon)

   It affects your intelligence (+3).
Jewellery
 m - a +3 ring of evasion (left hand)
 w - an uncursed ring of fire
 G - a ring of see invisible (right hand)
 O - the amulet of Zimye (around neck) {Regen+ Int+3}
   (You bought it in a shop on level 11 of the Dungeon)

   [amulet of regeneration]

   It affects your intelligence (+3).
   It increases your rate of regeneration.
 X - an uncursed ring of positive energy
Wands
 E - a wand of polymorph (12/24)
 I - a wand of lightning (8/15)
 Q - a wand of iceblast (3/15)
 W - a wand of paralysis (12/24)
Scrolls
 d - 4 scrolls of recharging
 e - 3 scrolls of enchant armour
 f - 2 scrolls of fear
 g - 2 scrolls of teleportation
 l - a scroll of vulnerability {unknown}
 n - 8 scrolls of remove curse
 r - 2 scrolls of amnesia
 s - 4 scrolls of fog
 t - a scroll of acquirement {unknown}
 x - a scroll of immolation
 K - 5 scrolls of holy word
 L - a scroll of summoning
 M - a scroll of brand weapon {unknown}
Potions
 k - 4 potions of curing
 q - a potion of haste
 v - 2 potions of flight
 A - a potion of mutation {unknown}
 B - 2 potions of berserk rage
 J - a potion of lignification {unknown}
 Y - 2 potions of agility
Books
 b - a book of Flames

   Spells                             Type                      Level
   a - Flame Tongue                   Conjuration/Fire             1
   b - Throw Flame                    Conjuration/Fire             2
   c - Conjure Flame                  Conjuration/Fire             3
   d - Inner Flame                    Hexes/Fire                   3
   e - Sticky Flame                   Conjuration/Fire             4
   f - Fireball                       Conjuration/Fire             5
 u - a book of Misfortune

   Spells                             Type                      Level
   a - Confusing Touch                Hexes                        1
   b - Confuse                        Hexes                        3
   c - Gell's Gravitas                Translocation                3
   d - Petrify                        Transmutation/Earth          4
   e - Metabolic Englaciation         Hexes/Ice                    5
   f - Yara's Violent Unravelling     Hexes/Transmutation          5
 z - a book of Maledictions

   Spells                             Type                      Level
   a - Corona                         Hexes                        1
   b - Ensorcelled Hibernation        Hexes/Ice                    2
   c - Confuse                        Hexes                        3
   d - Tukima's Dance                 Hexes                        3
   e - Dazzling Spray                 Conjuration/Hexes            3
Comestibles
 c - 4 bread rations
 o - 9 chunks of flesh
 S - 18 fruits
 V - 5 royal jellies


   Skills:
 + Level 5.8(4.8) Fighting
   Level 2.0(1.2) Short Blades
 + Level 8.6(7.7) Axes
   Level 1.0(3.7) Polearms
 + Level 4.8(3.9) Dodging
 - Level 1.5(0.7) Stealth
 * Level 11.2(10.1) Spellcasting
 * Level 11.9(10.9) Conjurations
 + Level 10.7(9.7) Fire Magic
 + Level 3.2(2.4) Invocations
 + Level 5.2(4.3) Evocations


You had 22 spell levels left.
You knew the following spells:

 Your Spells              Type           Power        Failure   Level  Hunger
a - Flame Tongue          Conj/Fire      #####        1%          1    None
b - Conjure Flame         Conj/Fire      ######..     1%          3    None
c - Sticky Flame          Conj/Fire      ######..     1%          4    None
d - Fireball              Conj/Fire      ######....   2%          5    ####...


Dungeon Overview and Level Annotations

Branches:
Dungeon (11/15)            Temple (0/1) D:6            Lair (1/6) D:9
    Orc (2/2) D:11
    Elf: Orc:2

Altars:
Ashenzari
Dithmenos
Fedhas
Hepliaklqana
Makhleb
Nemelex Xobeh
Okawaru
Ru
Sif Muna
Uskayaw
Xom
Zin
Beogh

Shops:
D:11 =   Orc:1 ?   Orc:2 =*

Annotations:
D:3 Sigmund


Message History

The orc moves out of view.
An orc comes into view. It is wielding a dagger.
The orc sorcerer points at you and mumbles some strange words.
The bolt of fire hits you!
The orc priest calls down the wrath of Beogh upon you.
Beogh smites you!
* * * LOW HITPOINT WARNING * * *
You hear a shout!
The orc sorcerer gestures at you while chanting.
You resist with almost no effort. The orc sorcerer casts a spell at you.
The bolt of negative energy hits the orc.
The orc is drained!
The orc dies!
The bolt of negative energy misses you.
As you read the scroll of teleportation, it crumbles to dust.
You feel strangely unstable.
The orc sorcerer points at you and mumbles some strange words.
The bolt of fire hits you!
You die...

..# #....# #.#....######... ..#
#..#....# #.#....#..##.#.. #.#
#..'....# #......'..####.. ..##
####.#####.####.#..###... o..#
#..........#.)#.#####....
.3o######.####.....#(.'.####))...
#.5o5)....#..#..⌠..#..#.)..[))...
#....####.'..#.....####.####[....
#....####.#).#..@.[.)...###......
....##.)#.####)#####.####.#......
....##..'.o.oo.#...#.# #....#....
..####..#...o#.#...#.###....#....
..#######....#.##)##.##.#..##....
####.........#.......####..##....
##'###'###'###.###'## ###.##...
#..)#.).#...##)##...# ###.##.
#...#...#...#8)8#...#### #.####


You could see 2 orc sorcerers and an orc priest.

Vanquished Creatures
  Gastronok (D:8)
  Snorg (D:11)
  Josephine (D:11)
  A hydra (D:9)
  Erica (D:10)
  14 two-headed ogres
  Pikel (D:5)
  4 orc knights (Orc:2)
  3 orc sorcerers
  A gargoyle (D:11)
  Joseph (D:8)
  A rime drake (Lair:1)
  A spiny frog (D:9)
  A komodo dragon (Lair:1)
  4 trolls
  2 dream sheep (D:9)
  4 blink frogs (Lair:1)
  3 hippogriffs
  5 wraiths (D:11)
  22 yaks
  Grum (D:7)
  3 hungry ghosts
  6 wargs
  An acid dragon (D:11)
  2 porcupines
  A water moccasin (D:7)
  45 orc warriors
  2 sky beasts
  4 ice beasts
  A necrophage (D:11)
  26 ogres
  3 wolves (D:7)
  7 centaurs
  A phantom (D:4)
  4 crocodiles
  5 big kobolds
  11 bullfrogs
  2 gnoll sergeants
  2 wyvern zombies
  4 scorpions
  16 killer bees
  A howler monkey (D:8)
  4 crimson imps
  A centaur zombie (D:5)
  A quasit (D:8)
  7 hounds
  20 orc priests
  A centaur skeleton (D:5)
  5 gnoll shamans
  10 jellies
  17 orc wizards
  A bullfrog skeleton (D:9)
  8 worker ants
  An iguana (D:9)
  An ogre zombie (D:10)
  A hound zombie (D:5)
  A hound skeleton (D:10)
  A worker ant zombie (D:8)
  Robin (D:4)
  9 adders
  24 gnolls
  A shadow imp (D:7)
  An ooze (D:2)
  An adder zombie (D:9)
  An adder skeleton (D:7)
  3 worms
  2 dart slugs
  3 leopard geckos
  111 orcs
  4 giant cockroaches
  18 goblins
  5 hobgoblins
  14 jackals
  7 quokkas
  2 ball pythons
  4 bats
  7 frilled lizards
  A giant cockroach zombie (D:6)
  6 kobolds
  A leopard gecko zombie (D:7)
  A quokka skeleton (D:4)
  5 rats
  3 plants (D:8)
535 creatures vanquished.

Vanquished Creatures (others)
  A sky beast (D:8)
  A wyvern skeleton (D:8)
  A hound (D:8)
  A hound zombie (D:5)
  An orc (Orc:2)
  A bat (D:3)
  A giant cockroach (D:8)
  2 jackals (D:5)
  A kobold (D:3)
  6 fungi (D:8)
  11 plants (D:8)
27 creatures vanquished.

Grand Total: 562 creatures vanquished

Notes
Turn   | Place    | Note
-------+----------+-------------------------------------------
     0 | D:1      | tilp the Hill Orc Fire Elementalist began the quest for the Orb.
     0 | D:1      | Reached XP level 1. HP: 14/14 MP: 3/3
   262 | D:1      | Reached XP level 2. HP: 20/20 MP: 2/4
   995 | D:2      | Found a shadowy altar of Dithmenos.
  1037 | D:2      | Reached XP level 3. HP: 26/26 MP: 6/6
  1042 | D:2      | Learned a level 3 spell: Conjure Flame
  1287 | D:2      | Found a glowing silver altar of Zin.
  1535 | D:2      | Noticed a scorpion
  1535 | D:2      | Noticed an ogre
  1772 | D:2      | Found a hazy altar of Hepliaklqana.
  1772 | D:2      | Found a blossoming altar of Fedhas.
  1888 | D:3      | Noticed a scorpion
  1900 | D:3      | HP: 1/26 [scorpion (2)]
  1904 | D:3      | Killed a scorpion
  1904 | D:3      | Reached XP level 4. HP: 14/33 MP: 0/7
  2196 | D:3      | Found a deep blue altar of Sif Muna.
  2283 | D:3      | Reached XP level 5. HP: 28/38 MP: 6/9
  2507 | D:3      | Reached skill level 1 in Short Blades
  2665 | D:3      | Noticed Sigmund
  2997 | D:3      | Noticed a centaur
  3006 | D:3      | Killed a centaur
  3006 | D:3      | Reached skill level 5 in Fire Magic
  3006 | D:3      | Reached XP level 6. HP: 41/45 MP: 3/10
  3107 | D:4      | Found a shattered altar of Ashenzari.
  3581 | D:4      | Found a sparkling altar of Nemelex Xobeh.
  3852 | D:4      | Noticed Robin
  3901 | D:4      | Killed Robin
  3983 | D:4      | Noticed a phantom
  4017 | D:4      | Killed a phantom
  4017 | D:4      | Reached XP level 7. HP: 42/50 MP: 5/12
  4023 | D:4      | Learned a level 4 spell: Sticky Flame
  4268 | D:5      | Entered Level 5 of the Dungeon
  4268 | D:5      | Noticed Pikel
  4418 | D:5      | Found an iron altar of Okawaru.
  4426 | D:5      | Became a worshipper of Warmaster Okawaru
  4587 | D:5      | Killed Pikel
  4587 | D:5      | Reached * piety under Okawaru
  4587 | D:5      | Reached XP level 8. HP: 56/57 MP: 4/15
  4673 | D:5      | Found a shattered altar of Ashenzari.
  4730 | D:5      | Reached skill level 5 in Spellcasting
  5064 | D:6      | Found an iron altar of Okawaru.
  5187 | D:6      | Noticed a troll
  5389 | D:6      | Reached skill level 5 in Conjurations
  5446 | D:6      | Found a staircase to the Ecumenical Temple.
  5860 | D:6      | Reached XP level 9. HP: 62/62 MP: 17/17
  6535 | D:6      | Killed a troll
  6535 | D:6      | Reached ** piety under Okawaru
  7080 | D:7      | Found a sacrificial altar of Ru.
  7452 | D:7      | Reached skill level 1 in Invocations
  7734 | D:7      | Reached *** piety under Okawaru
  7814 | D:7      | Found a burning altar of Makhleb.
  7906 | D:7      | Got a crude chain mail
  7984 | D:7      | Reached XP level 10. HP: 69/69 MP: 21/21
  8260 | D:7      | Identified the +8 chain mail of Ceho Usk {rElec rC++ Int-5} (You found it on level 7 of the Dungeon)
  8283 | D:7      | Learned a level 5 spell: Fireball
  8372 | D:8      | Noticed Grum
  8575 | D:7      | Killed Grum
  8740 | D:8      | Noticed Gastronok
  8749 | D:8      | Noticed Joseph
  8780 | D:8      | Killed Joseph
  8988 | D:8      | Killed Gastronok
  8988 | D:8      | Reached **** piety under Okawaru
  9107 | D:8      | Noticed a two-headed ogre
  9118 | D:8      | Noticed a two-headed ogre
  9120 | D:8      | Killed a two-headed ogre
  9120 | D:8      | Reached ***** piety under Okawaru
  9120 | D:8      | Reached skill level 1 in Evocations
  9140 | D:8      | Reached XP level 11. HP: 73/74 MP: 10/23
  9155 | D:8      | Killed a two-headed ogre
  9637 | D:8      | Noticed a two-headed ogre
  9660 | D:8      | Killed a two-headed ogre
  9838 | D:8      | Found a shimmering altar of Xom.
 10035 | D:8      | Reached skill level 1 in Fighting
 11019 | D:8      | Noticed a two-headed ogre
 11033 | D:8      | Killed a two-headed ogre
 11033 | D:8      | Received a gift from Okawaru
 11036 | D:8      | Got a shimmering plate armour {god gift}
 11373 | D:8      | Found a sparkling altar of Nemelex Xobeh.
 12152 | D:9      | Reached skill level 10 in Conjurations
 12223 | D:9      | Noticed a hand axe
 12224 | D:9      | Noticed a dagger
 12229 | D:9      | Found a hide-covered altar of Uskayaw.
 12796 | D:9      | Reached XP level 12. HP: 76/85 MP: 10/25
 13054 | D:9      | Found a staircase to the Lair.
 13109 | Lair:1   | Entered Level 1 of the Lair of Beasts
 13305 | Lair:1   | Reached skill level 10 in Spellcasting
 13598 | Lair:1   | Found a dark tunnel.
 13608 | Volcano  | Entered a volcano
 13903 | D:9      | Noticed a two-headed ogre
 13914 | D:9      | Killed a two-headed ogre
 14292 | D:9      | Got a pair of warped gloves
 14298 | D:9      | Identified the +1 pair of gloves of Pev Deol {Int+3} (You found it on level 9 of the Dungeon)
 14326 | D:9      | Identified the +10 plate armour of Okawaru's Regard {Int+4} (Okawaru gifted it to you on level 8 of the Dungeon)
 14425 | D:9      | Received a gift from Okawaru
 14551 | D:9      | Noticed a two-headed hydra
 14564 | D:9      | Killed a two-headed hydra
 14564 | D:9      | Reached skill level 1 in Polearms
 14852 | D:10     | Entered Level 10 of the Dungeon
 14867 | D:10     | Got a fine hand axe
 14868 | D:10     | Identified the +8 hand axe of the Lost Lies {freeze, rElec rC- MR+} (You found it on level 10 of the Dungeon)
 15085 | D:10     | Reached skill level 1 in Axes
 15099 | D:10     | Reached skill level 5 in Evocations
 15199 | D:10     | Noticed Erica
 15216 | D:10     | Killed Erica
 15486 | D:10     | Got a transparent great mace
 15487 | D:10     | Identified the +1 great mace of Ydotonn {crush, rPois Str+3 Int-3 Stlth+} (You found it on level 10 of the Dungeon)
 15810 | D:10     | Noticed a two-headed ogre
 15810 | D:10     | Noticed a two-headed ogre
 15810 | D:10     | Noticed a two-headed ogre
 15817 | D:10     | Killed a two-headed ogre
 15820 | D:10     | Killed a two-headed ogre
 15830 | D:10     | Killed a two-headed ogre
 15840 | D:10     | Reached skill level 5 in Axes
 15844 | D:10     | Reached skill level 10 in Fire Magic
 15844 | D:10     | Reached XP level 13. HP: 65/95 MP: 7/27
 16392 | D:11     | Found Yshrolat's Jewellery Shop.
 16397 | D:11     | Bought the amulet of Zimye {Regen+ Int+3} for 606 gold pieces
 17354 | D:11     | Found a staircase to the Orcish Mines.
 17365 | Orc:1    | Entered Level 1 of the Orcish Mines
 17517 | Orc:1    | Noticed Snorg
 17817 | D:11     | Received a gift from Okawaru
 18399 | Orc:1    | Noticed Josephine
 18459 | D:11     | Killed Snorg
 18563 | D:11     | Killed Josephine
 18959 | Orc:1    | Found Suutozym's Magic Scroll Boutique.
 19557 | Orc:2    | Entered Level 2 of the Orcish Mines
 20002 | Orc:2    | Reached skill level 5 in Fighting
 20310 | Orc:2    | Received a gift from Okawaru
 20953 | Orc:2    | Found a roughly hewn altar of Beogh.
 20963 | Orc:2    | Found Cafasyto's Assorted Antiques.
 21236 | Orc:2    | Found Lysywirr's Jewellery Shop.
 21431 | Orc:2    | Reached XP level 14. HP: 103/108 MP: 24/29
 21898 | Orc:2    | Killed from afar by an orc sorcerer

Vault maps used:
D:1:      lemuel_arrival_tunnels
D:2:      marbit_many_paths, lemuel_crystal_altar,
          gammafunk_temple_overflow_statue, first_bread, minivault_19,
          lightli_corner_chamber
D:3:      nicolae_qazlal_eye_of_the_storm, lemuel_crystal_altar, uniq_sigmund
D:4:      lemuel_round_altar, kennysheep_nub, evilmike_ruin_ashenzari,
          uniq_robin
D:5:      overflow_temple_1_default, kennysheep_little_box, uniq_pikel
D:6:      minmay_temple_entry_junction, okawaru_trees_1
D:7:      lemuel_crystal_altar, nicolae_overflow_crystal_walls
D:8:      kennysheep_seaside_town, xom_confusion_cloud, basic_altar,
          uniq_gastronok, uniq_joseph, uniq_grum
D:9:      dancing_weapons_uskayaw, grunt_lair_entry_orc_guard_hut,
          hangedman_ranch, nicolae_two_hexagons
D:10:     lemuel_ogre_cave, uniq_erica
D:11:     david_orc_4, serial_shops, shop, hangedman_decor_clover_reticule
Lair:1:   lightli_volcano_entry_magma_tube, columned_hall_lemuel
Orc:1:    serial_shops, shop, uniq_josephine, uniq_snorg
Orc:2:    pubby_orc_utopia
Volcano:  volcano_pools

Skill      XL: |  1  2  3  4  5  6  7  8  9 10 11 12 13 |
---------------+----------------------------------------+-----
Spellcasting   | 2 3 4 5 7 8 9 10 11 | 11.2
Fire Magic     | 4 5 6 7 8 9 10 | 10.7
Conjurations   | 2 4 5 7 9 10 11 | 11.9
Short Blades   | 1 2 |  2.0
Invocations    | 1 3 |  3.2
Evocations     | 1 3 5 |  5.2
Dodging        | 3 4 |  4.8
Fighting       | 2 3 5 |  5.8
Polearms       | 1 |  1.0
Axes           | 5 8 |  8.6
Stealth        | |  1.5

Action                   |  1- 3 |  4- 6 |  7- 9 | 10-12 | 13-15 || total
-------------------------+-------+-------+-------+-------+-------++-------
Melee: Club              |     8 |       |       |       |       ||     8
       Dagger            |    82 |   115 |   413 |   770 |       ||  1380
       Whip              |       |       |    25 |    17 |       ||    42
       Hand axe          |       |       |       |    87 |   495 ||   582
       Spear             |       |       |       |    34 |       ||    34
Throw: Tomahawk          |       |       |     4 |       |       ||     4
 Cast: Flame Tongue      |    38 |    45 |   112 |   204 |   181 ||   580
       Conjure Flame     |       |     1 |     9 |    27 |    19 ||    56
       Sticky Flame      |       |       |    14 |    73 |    42 ||   129
       Fireball          |       |       |       |     8 |    12 ||    20
Invok: Heroism           |       |       |     4 |     5 |     7 ||    16
       Finesse           |       |       |       |     1 |     7 ||     8
  Use: Scroll            |     5 |     3 |     5 |    11 |     9 ||    33
       Potion            |     1 |     1 |     1 |     2 |     2 ||     7
 Stab: Sleeping          |     2 |     3 |     3 |       |       ||     8
       Distracted        |     1 |       |       |       |       ||     1
  Eat: Chunk             |     4 |     5 |    10 |    10 |    15 ||    44
       Royal jelly       |       |     1 |       |     2 |       ||     3
       Meat ration       |       |       |     1 |     3 |     1 ||     5
       Bread ration      |       |       |       |     5 |       ||     5
       Fruit             |       |       |       |     2 |       ||     2
Armor: Robe              |     7 |       |       |       |       ||     7
       Leather armour    |    24 |    23 |   150 |   295 |   127 ||   619
Dodge: Dodged            |    57 |    57 |   265 |   681 |   430 ||  1490
